 Dungeon Crawl Stone Soup version 0.24.1-4-ge52af88ad5 (webtiles) character file.

Game seed: 4371703924356704414, levelgen mode: deterministic

1559415 4FPSwarrior the Unseen (level 27, 199/232 HPs)
             Began as a Naga Venom Mage on Apr 15, 2020.
             Was a High Priest of Hepliaklqana.
             Escaped with the Orb
             ... and 3 runes on Apr 19, 2020!
             The game lasted 10:02:29 (91562 turns).

4FPSwarrior the Unseen (Naga Venom Mage)           Turns: 91562, Time: 10:02:30

Health: 199/232    AC: 43    Str: 16    XL:     27
Magic:  42/42      EV: 15    Int: 24    God:    Hepliaklqana [*****.]
Gold:   7301       SH: 34    Dex: 16    Spells: 7/57 levels left

rFire    + + .     SeeInvis +   k - +5 dagger of Nupecom {vamp, rPois MR++ Stlth+}
rCold    + . .     Gourm    .   Z - +8 large shield {AC+3}
rNeg     + + .     Faith    .   O - quicksilver dragon scales
rPois    +         Spirit   .   I - +2 hat {MR+}
rElec    +         Reflect  +   H - +2 cloak of the King {rF+ rN+ Int+4 Stlth-}
rCorr    .         Harm     .   z - +2 pair of gloves {Dex+3}
MR       +++++                  W - +4 naga barding {Fly}
Stlth    +++.......             D - +6 amulet of reflection
HPRegen  0.00/turn              j - ring of positive energy
MPRegen  0.28/turn              A - ring "Pinuek" {rElec rF+ rC+ Stlth+}

@: flying, hasted, quick
A: large, reduced essence, horns 1, slimy green scales 1, see invisible, clumsy
1, deformed body, magic resistance 1, sense surroundings 1, poison resistance,
screaming 1, slowness 2, inhibited regeneration, slow metabolism 1, spit poison
2, constrict 1, AC +9
0: Orb of Zot
}: 3/15 runes: barnacled, silver, gossamer
a: Breathe Poison Gas, Recall Ancestor, Ancestor Identity, Transference,
Idealise, Renounce Religion, Stop Flying


You escaped.
You worshipped Hepliaklqana.
Hepliaklqana was extremely pleased with you.
You were not hungry.

You visited 11 branches of the dungeon, and saw 53 of its levels.
You also visited: Sewer.

You collected 10458 gold pieces.
You spent 3157 gold pieces at shops.

Inventory:

Hand Weapons
 k - the +5 dagger of Nupecom (weapon) {vamp, rPois MR++ Stlth+}
   (You found it on level 3 of the Lair of Beasts)

   It inflicts no extra harm, but heals its wielder when it wounds a living foe.
   It protects you from poison.
   It affects your resistance to hostile enchantments.
   It makes you more stealthy.
 K - a +7 quick blade
Missiles
 N - 69 silver javelins
 S - 10 throwing nets (quivered)
Armour
 z - a +2 pair of gloves of dexterity (worn)
 H - the +2 cloak of the King (worn) {rF+ rN+ Int+4 Stlth-}
   (You found it on level 1 of the Depths)

   It affects your intelligence (+4).
   It protects you from fire.
   It protects you from negative energy.
   It makes you less stealthy.
 I - a +2 hat of magic resistance (worn)
 O - quicksilver dragon scales (worn)
 W - a +4 naga barding of flying (worn)
 Z - a +8 large shield of protection (worn)
Jewellery
 h - the ring "Suuw Ergh" {rF+ Int+4 Stlth+}
   (You bought it in a shop on level 2 of the Orcish Mines)

   [ring of stealth]

   It affects your intelligence (+4).
   It protects you from fire.
   It makes you more stealthy.
 j - a ring of positive energy (left hand)
 A - the ring "Pinuek" (right hand) {rElec rF+ rC+ Stlth+}
   (You took it off an ironheart preserver on level 5 of the Vaults)

   [ring of protection from fire]

   It protects you from fire.
   It protects you from cold.
   It insulates you from electricity.
   It makes you more stealthy.
 D - a +6 amulet of reflection (around neck)
 F - the amulet of Vitality {Regen+ HP+15}
   (You took it off a deep elf high priest on level 3 of the Elven Halls)

   [amulet of regeneration]

   It affects your health (+15).
   It increases your rate of regeneration.
Wands
 g - a wand of iceblast (43)
 m - a wand of enslavement (33)
 C - a wand of clouds (1)
 E - a wand of paralysis (5)
 M - a wand of digging (21)
Scrolls
 a - 6 scrolls of holy word
 b - 29 scrolls of remove curse
 f - 11 scrolls of fear
 n - 2 scrolls of vulnerability
 o - 4 scrolls of blinking
 q - a scroll of amnesia
 w - 9 scrolls of fog
 Q - a scroll of magic mapping
 R - 4 scrolls of teleportation
 T - 16 scrolls of identify
Potions
 e - 25 potions of curing
 i - 8 potions of ambrosia
 p - 4 potions of heal wounds
 r - 5 potions of magic
 s - 5 potions of brilliance
 t - 4 potions of might
 v - 3 potions of invisibility
 B - 3 potions of cancellation
 L - 8 potions of agility
 P - 11 potions of mutation
 V - 4 potions of resistance
 Y - a potion of haste
Miscellaneous
 d - 4 phantom mirrors
 u - a fan of gales
 y - a lamp of fire
 J - a phial of floods
 U - 2 sacks of spiders
Comestibles
 c - 78 rations


   Skills:
 + Level 17.4 Fighting
 - Level 12.7 Short Blades
 + Level 7.1 Throwing
 + Level 13.1 Armour
 + Level 13.3 Dodging
 + Level 18.8 Stealth
 + Level 16.3 Shields
 + Level 15.8 Spellcasting
 - Level 8.0 Conjurations
 * Level 11.4 Hexes
 - Level 5.8 Charms
 - Level 8.0 Summonings
 - Level 13.9 Transmutations
 - Level 9.0 Air Magic
 - Level 13.4 Earth Magic
 - Level 15.7 Poison Magic
 + Level 15.0 Invocations
 + Level 10.3 Evocations


You had 7 spell levels left.
You knew the following spells:

 Your Spells              Type           Power        Failure   Level  Hunger
a - Sting                 Conj/Pois      ####         1%          1    None
b - Mephitic Cloud        Conj/Pois/Air  ######..     1%          3    None
c - Olgreb's Toxic Radia  Pois           #######.     1%          4    None
d - Summon Lightning Spi  Summ/Air       ######..     1%          4    None
e - Venom Bolt            Conj/Pois      ######....   1%          5    #......
f - Petrify               Tmut/Erth      ######..     1%          4    None
g - Passwall              Tmut/Erth      ######..     1%          2    None
h - Statue Form           Tmut/Erth      ######...    2%          6    ####...
i - Summon Butterflies    Summ           ######..     1%          1    None
j - Ignite Poison         Fire/Tmut/Pois ######..     1%          3    None
k - Alistair's Intoxicat  Tmut/Pois      ######..     1%          5    #......
l - Swiftness             Chrm/Air       ######..     1%          2    None
m - Lee's Rapid Deconstr  Erth           ######....   1%          5    #......
n - Silence               Hex/Air        ######....   1%          5    #......

Your spell library contained the following spells:

 Spells                   Type           Power        Failure   Level  Hunger
 Beastly Appendage        Tmut           ######       0%          1    None
 Confusing Touch          Hex            ######       1%          1    None
 Corona                   Hex            ######.      1%          1    None
 Flame Tongue             Conj/Fire      #####        1%          1    None
 Magic Dart               Conj           ####         1%          1    None
 Sandblast                Erth           ######       1%          1    None
 Summon Small Mammal      Summ           ####         1%          1    None
 Call Imp                 Summ           ######..     1%          2    None
 Ensorcelled Hibernation  Hex/Ice        #####.       1%          2    None
 Poisonous Vapours        Pois/Air       ######       1%          2    None
 Searing Ray              Conj           ######       1%          2    None
 Shroud of Golubria       Chrm/Tloc      ####..       1%          2    None
 Slow                     Hex            ######..     1%          2    None
 Sticks to Snakes         Tmut           ######..     1%          2    None
 Throw Flame              Conj/Fire      #####.       1%          2    None
 Throw Frost              Conj/Ice       #####.       1%          2    None
 Call Canine Familiar     Summ           ######..     1%          3    None
 Confuse                  Hex            ######..     1%          3    None
 Dazzling Spray           Conj/Hex       ######       1%          3    None
 Inner Flame              Hex/Fire       #####...     1%          3    None
 Portal Projectile        Hex/Tloc       #####.       1%          3    None
 Spider Form              Tmut/Pois      ######....   1%          3    None
 Stone Arrow              Conj/Erth      ######       1%          3    None
 Summon Guardian Golem    Hex/Summ       ######..     1%          3    None
 Tukima's Dance           Hex            ######..     1%          3    None
 Cause Fear               Hex            ######....   1%          4    None
 Leda's Liquefaction      Hex/Erth       ######....   1%          4    None
 Blade Hands              Tmut           ######....   1%          5    #......
 Yara's Violent Unravell  Hex/Tmut       ######....   1%          5    #......
 Conjure Flame            Conj/Fire      #####...     2%          3    None
 Ice Form                 Ice/Tmut       ######..     2%          4    None
 Summon Mana Viper        Hex/Summ       ######..     2%          5    #......
 Animate Skeleton         Necr           N/A          4%          1    None
 Apportation              Tloc           ###...       4%          1    None
 Freeze                   Ice            ###.         4%          1    None
 Ozocubu's Armour         Chrm/Ice       ####....     4%          3    None
 Darkness                 Hex            ######....   6%          6    ####...
 Invisibility             Hex            ######..     6%          6    ####...
 Blink                    Tloc           N/A          7%          2    None
 Borgnjor's Vile Clutch   Necr/Erth      ######....   8%          5    #......
 Summon Ice Beast         Ice/Summ       #####...     9%          4    None
 Throw Icicle             Conj/Ice       #####...     9%          4    None
 Metabolic Englaciation   Hex/Ice        #####.....   12%         5    #......
 Dragon Form              Tmut           ######....   12%         7    ######.
 Gell's Gravitas          Tloc           ###.......   14%         3    None
 Lesser Beckoning         Tloc           ###.......   14%         3    None
 Teleport Other           Tloc           ###.....     14%         3    None
 Bolt of Draining         Conj/Necr      #####.....   24%         5    #......
 Fireball                 Conj/Fire      #####.....   24%         5    #......
 Shadow Creatures         Summ           N/A          26%         6    ####...
 Deflect Missiles         Chrm/Air       ######....   32%         6    ####...
 Freezing Cloud           Conj/Ice/Air   #####.....   56%         6    ####...
 Bolt of Fire             Conj/Fire      #####.....   80%         6    ####...
 Summon Hydra             Summ           ######....   82%         7    ######.
 Ring of Flames           Chrm/Fire      ####......   100%        7    ######.
 Discord                  Hex            ######....   95%         8    #######
 Ignition                 Fire           ###.......   100%        8    #######
 Dragon's Call            Summ           ######....   100%        9    #######
 Shatter                  Erth           ######....   100%        9    #######
 Passage of Golubria      Tloc           Unusable     N/A         4    N/A

Dungeon Overview and Level Annotations

Branches:
Dungeon (15/15)            Temple (1/1) D:6            Lair (6/6) D:11
 Shoals (4/4) Lair:2       Spider (4/4) Lair:4        Slime (0/5) Lair:5
    Orc (2/2) D:10            Elf (3/3) Orc:2        Vaults (5/5) D:13
  Crypt (3/3) Vaults:2       Tomb (0/3) Crypt:3      Depths (5/5) D:15
    Zot (5/5) Depths:5      Sewer (visited)

Altars:
Ashenzari
Cheibriados
Dithmenos
Elyvilon
Fedhas
Gozag
Hepliaklqana
Kikubaaqudgha
Makhleb
Nemelex Xobeh
Okawaru
Qazlal
Ru
Sif Muna
Trog
Uskayaw
Vehumet
Wu Jian
Xom
Yredelemnul
Zin
The Shining One
Beogh
Jiyva
Lugonu

Shops:
Orc:1 (!   Orc:2 (*=?   Elf:2 !   Shoals:2 ?   Depths:1 (

Portals:
Hell: Depths:1 Depths:2 Depths:3 Depths:4 Depths:5
Abyss: Depths:1 Depths:2 Depths:4
Pandemonium: Depths:3 Depths:5
Ziggurat: Depths:1

Annotations:
D:3 1 runed translucent door, Crazy Yiuf
Elf:2 3 runed translucent doors
Depths:3 3 runed translucent doors
Depths:4 3 runed translucent doors, Kywuokin's ghost, veteran FoFi


Innate Abilities, Weirdness & Mutations

You cannot wear boots.
Your serpentine skin is tough. (AC +9)
You have supernaturally acute eyesight. (SInv)
Armour fits poorly on your strangely shaped body.
Your system is resistant to poisons. (rPois)
You cover ground very slowly.
You have a slow metabolism.
You can exhale a cloud of poison.
You can use your snake-like lower body to constrict enemies.
Your life essence is reduced to manifest your ancestor. (-10% HP)
You have a pair of small horns on your head.
You are partially covered in slimy green scales. (AC +2)
You are clumsy. (Dex -2)
You are resistant to hostile enchantments. (MR+)
You passively map a small area around you.
You occasionally shout uncontrollably at your foes.
You do not regenerate when monsters are visible.


Message History

Voota hits Servia!!!
Servia's magic leaks into the air.
Servia hits Voota but does no damage.
Voota hits Servia!
Servia is destroyed!
You shout at the shadow demon!
A shadow demon comes into view.
The crimson imp blinks!
The shadow demon gestures.
The shadow demon gestures.
The soul eater disappears in a puff of smoke!
You block the red devil's attack. The chaos spawn gores you!
The chaos spawn freezes you! You resist.
The chaos spawn gores the plant!
The chaos spawn shocks the plant.
You block the red devil's attack. Voota hits you but does no damage.
Voota misses you.
There is a staircase leading out of the dungeon here.
Voota hits you but does no damage. You block the red devil's attack.
Voota hits you but does no damage.
You have escaped!

#.#.###....###########......###.#
#.#.###....P≈≈≈≈≈≈≈≈≈P#.....)...#
......#.....P≈≈≈≈≈≈≈P.#.........#
......#......P≈≈≈≈≈P..#..#####..#
..............P≈≈≈P...#..#=[[#..#
......#........P≈P....#..#[)[#..#
............2.4.P.....#..#s[$#..#
####.##.......4.4........#####..#
...............&@...............#
.................................
................P...........##...
.......####....P≈P..........##...
..............P≈≈≈P..............
.......####..P≈≈≈≈≈P..########...
.....### #.P≈≈≈≈≈≈≈P.# #...
.....8# #P≈≈≈≈≈≈≈≈≈P# #...
.....## ############# ####


You could see Voota, a shadow demon, 2 chaos spawn and a red devil.

Vanquished Creatures
  Mara (Vaults:5)
  3 orbs of fire
  5 ancient liches
  8 Killer Klowns
  Frederick (Vaults:5)
  4 caustic shrikes
  6 curse toes
  5 golden dragons
  4 electric golems
  3 liches
  20 tentacled monstrosities
  Asterion (Spider:4)
  2 deep elf blademasters (Elf:3)
  22 Orb Guardians
  5 titans
  5 quicksilver dragons
  A deep elf master archer (Depths:5)
  2 krakens (Shoals:4)
  A shadow dragon (shapeshifter) (Vaults:5)
  Gastronok (D:8)
  9 death cobs
  6 shadow dragons
  2 ancient champions (Crypt:2)
  18 draconian monks
  Agnes (D:14)
  12 sphinxes
  Donald (Vaults:3)
  6 storm dragons
  7 fire giants
  7 tengu reavers
  A revenant (Crypt:2)
  6 frost giants
  12 draconian knights
  9 deep elf sorcerers
  A frost giant (shapeshifter) (Depths:4)
  6 draconian shifters
  6 draconian scorchers
  6 ghost moths
  An orc warlord (Orc:1)
  3 iron dragons
  12 vault wardens
  A curse skull (Crypt:3)
  3 reapers
  3 emperor scorpions (Spider:4)
  A spriggan defender (Depths:3)
  6 draconian annihilators
  4 draconian stormcallers
  4 deep elf elementalists
  10 ironheart preservers
  5 war gargoyles
  18 stone giants
  13 very ugly things
  13 black draconians
  3 entropy weavers
  3 vampire knights
  12 deep elf demonologists
  6 deep elf annihilators
  17 white draconians
  12 green draconians
  12 spark wasps
  14 purple draconians
  6 yellow draconians
  2 eidola (Crypt:1)
  7 red draconians
  5 merfolk javelineers
  10 ettins
  7 deep elf death magi
  6 merfolk impalers
  4 jiangshi (Crypt:1)
  11 fire dragons
  4 great orbs of eyes
  19 ice dragons
  5 deep elf high priests
  Erolcha (Orc:1)
  36 vault guards
  9 yaktaur captains
  Josephine (Lair:4)
  Fannar (D:11)
  8 ogre magi
  8 rakshasas
  A hell beast (D:10)
  2 monstrous demonspawn (D:12)
  A hydra (D:15)
  2 spriggan air magi
  An anaconda (shapeshifter) (Depths:5)
  An alligator snapping turtle (Shoals:4)
  3 merfolk aquamancers (Shoals:4)
  7 centaur warriors
  A satyr (Shoals:3)
  18 two-headed ogres
  The ghost of chispire the Cleaver, a novice MiBe of Trog (D:11)
  The ghost of Saltbearer the Covert, a journeyman OpWn of Nemelex Xobeh (D:10)
  3 death knights
  3 merfolk avatars
  The ghost of barcode the Cleaver, a journeyman TeFi of Makhleb (D:10)
  8 deep troll earth magi
  9 deep troll shamans
  4 hell hogs
  A queen ant (Lair:5)
  6 tengu warriors
  A titan zombie (Crypt:2)
  13 dancing weapons
  6 spriggan berserkers
  17 deep elf knights
  4 spriggans
  6 vampire magi
  A soul eater (Crypt:2)
  A small abomination (Elf:3)
  A fire crab (shapeshifter) (Vaults:3)
  14 skeletal warriors
  19 hell knights
  3 iron trolls
  2 unseen horrors
  3 shadow wraiths
  23 deep trolls
  14 sea snakes
  12 flayed ghosts
  5 glowing orange brains
  13 deep elf archers
  5 wizards
  6 phantasmal warriors
  2 swamp dragons (shapeshifter)
  20 harpies
  11 ironbrand convokers
  4 lindwurms (Lair:3)
  11 orb spiders
  15 orc knights
  48 deep elf magi
  5 cyclopes
  3 necromancers
  7 fauns
  40 ugly things
  9 manticores
  A frost giant skeleton (Crypt:3)
  32 wolf spiders
  3 orc sorcerers
  A moth of wrath (shapeshifter) (Vaults:5)
  A manticore (shapeshifter) (Vaults:5)
  4 merfolk sirens
  Psyche (D:8)
  27 moths of wrath
  4 elephants (Lair:6)
  A black mamba (shapeshifter) (Elf:3)
  A black mamba (Lair:6)
  9 vault sentinels
  2 stone giant skeletons
  5 water nymphs
  A catoblepas zombie (Crypt:2)
  5 gargoyles
  3 centaur zombies
  5 smoke demons (Crypt:3)
  A spiny frog (Lair:4)
  A shock serpent skeleton (Crypt:1)
  9 apocalypse crabs (Zot:3)
  A dire elephant skeleton (Crypt:3)
  3 centaur skeletons
  A rime drake (shapeshifter) (Vaults:1)
  4 spectral swamp worms (Depths:2)
  A yaktaur (shapeshifter) (Depths:5)
  5 demonic crawlers
  9 freezing wraiths
  3 rime drakes (Lair:6)
  34 yaktaurs
  A minotaur skeleton (Crypt:2)
  A death yak skeleton (Crypt:1)
  3 komodo dragons
  A catoblepas skeleton (Crypt:1)
  4 guardian mummies
  2 queen bees
  11 trolls
  2 ice devils
  A merfolk (shapeshifter) (Vaults:5)
  A tengu conjurer (Depths:3)
  20 merfolk
  8 wind drakes
  5 red devils (Crypt:3)
  36 jumping spiders
  3 jumping spiders (shapeshifter)
  A white draconian skeleton (Crypt:1)
  A polar bear (Lair:6)
  11 hornets
  2 blink frogs (Lair:2)
  A dream sheep (Shoals:1)
  Grinder (D:5)
  5 hippogriffs
  A meliai zombie (D:15)
  22 slime creatures
  7 snapping turtles
  A harpy skeleton (Crypt:3)
  A human simulacrum (Vaults:1)
  A stone giant simulacrum (Depths:1)
  A blink frog (shapeshifter) (Vaults:5)
  An ice dragon zombie (Depths:1)
  A dream sheep (shapeshifter) (Vaults:5)
  6 flying skulls
  A fire giant simulacrum (Vaults:3)
  A hippogriff (shapeshifter) (Depths:5)
  An air elemental (Elf:1)
  A spriggan skeleton (Depths:1)
  3 shadows
  56 redbacks
  A fire dragon skeleton (Crypt:3)
  2 ice dragon skeletons (Crypt:3)
  12 wraiths
  4 wyverns
  11 water elementals
  An alligator skeleton (Crypt:3)
  A vampire (D:15)
  19 tarantellas
  A basilisk (shapeshifter) (Depths:5)
  26 yaks
  4 fire elementals
  5 basilisks
  2 steam dragons (Lair:6)
  3 hungry ghosts
  A golden eye (shapeshifter) (Depths:3)
  8 vampire mosquitoes
  8 wargs
  A swamp worm (shapeshifter) (Vaults:5)
  19 soldier ants (Lair:5)
  6 water moccasins
  A two-headed ogre skeleton (Crypt:2)
  Duvessa (D:5)
  An acid dragon (D:13)
  2 human skeletons
  2 porcupines
  46 orc warriors
  3 sky beasts
  3 black bears
  2 swamp drakes (Lair:6)
  3 ice beasts
  A necrophage (D:11)
  A hornet zombie (Crypt:1)
  A hog zombie (Crypt:2)
  26 ogres
  15 boggarts
  An eye of draining (D:12)
  20 wolves
  8 centaurs
  6 crocodiles
  4 big kobolds
  Blork the orc (D:5)
  4 earth elementals
  13 bullfrogs
  A wyvern zombie (D:13)
  An ogre simulacrum (Vaults:1)
  5 scorpions
  Dowan (D:5)
  A polar bear skeleton (Crypt:2)
  51 killer bees
  2 wights (D:14)
  3 electric eels
  16 hexers
  6 crimson imps
  6 hounds
  13 orc wizards
  5 gnoll shamans
  15 orc priests
  3 bullfrog skeletons
  3 iguanas
  3 hell rats (Lair:3)
  28 worker ants
  A demigod skeleton (Crypt:1)
  3 mummies (Crypt:3)
  A worker ant zombie (D:5)
  21 gnolls
  2 howler monkey skeletons
  23 adders
  3 river rats (D:5)
  A swamp drake skeleton (Crypt:1)
  2 shadow imps
  11 oozes
  A halfling skeleton (Crypt:1)
  An iguana skeleton (Crypt:1)
  A worm (shapeshifter) (Vaults:5)
  5 worms
  2 dart slugs
  17 leopard geckos
  88 orcs
  8 bats
  A bat zombie (Crypt:2)
  12 giant cockroaches
  30 goblins
  14 hobgoblins
  9 jackals
  21 kobolds
  4 quokkas
  11 ball pythons
  14 frilled lizards
  A quokka zombie (Crypt:2)
  7 rats
  A crawling corpse (Vaults:4)
  2 tentacles (Shoals:4)
  A withered plant (Crypt:3)
2146 creatures vanquished.

Vanquished Creatures (collateral kills)
  An orb of fire (Zot:5)
  5 ancient liches
  Sojobo (Vaults:4)
  Bai Suzhen (Vaults:3)
  A caustic shrike (Depths:5)
  Xtahua (Crypt:3)
  Jory (Depths:4)
  4 golden dragons
  8 tentacled monstrosities
  A lich (Crypt:3)
  8 Orb Guardians
  2 quicksilver dragons (Zot:1)
  A deep elf master archer (Elf:3)
  A titan (Zot:5)
  A death cob (Zot:4)
  2 tengu reavers (Vaults:4)
  2 shadow dragons (Vaults:5)
  Roxanne (Shoals:1)
  3 storm dragons
  Ilsuiw (Shoals:2)
  3 frost giants
  An iron dragon (Vaults:5)
  A vault warden (Vaults:5)
  A draconian scorcher (Zot:1)
  2 ghost moths (Spider:4)
  2 deep elf sorcerers
  3 emperor scorpions
  Aizul (Shoals:2)
  An orc warlord (Vaults:5)
  A draconian shifter (Zot:4)
  4 ironheart preservers
  2 war gargoyles (Vaults:5)
  3 draconian annihilators
  An entropy weaver (shapeshifter) (Vaults:5)
  5 stone giants
  3 very ugly things
  2 black draconians
  2 green draconians
  A vampire knight (Depths:3)
  2 deep elf demonologists
  2 deep elf annihilators
  3 purple draconians
  Azrael (D:14)
  A spark wasp (Depths:4)
  2 red draconians
  2 white draconians
  2 merfolk javelineers (Shoals:4)
  2 yellow draconians
  2 eidola
  4 fire dragons
  4 yaktaur captains
  2 deep elf death magi
  6 vault guards (Vaults:5)
  3 merfolk impalers
  An ogre mage (Vaults:5)
  A jiangshi (Crypt:1)
  A deep elf high priest (Elf:3)
  5 merfolk avatars
  A monstrous demonspawn (D:12)
  5 rakshasas
  2 ice dragons
  5 two-headed ogres
  A spriggan air mage (Depths:3)
  An alligator snapping turtle (Shoals:3)
  A hell hog (D:2)
  2 vampire magi
  2 tengu warriors (Depths:1)
  7 dancing weapons
  A deep troll earth mage (Depths:5)
  4 deep elf knights
  A hell knight (Depths:4)
  2 spriggan berserkers (Depths:5)
  A skeletal warrior (D:15)
  A sea snake (Shoals:3)
  A flayed ghost (Crypt:3)
  A swamp dragon (Lair:6)
  2 unseen horrors (shapeshifter)
  A storm dragon skeleton (Crypt:3)
  5 deep trolls
  3 deep elf archers
  A glowing orange brain (shapeshifter) (Depths:5)
  The ghost of Saltbearer the Reanimator, a novice HaNe of Sif Muna (D:7)
  A lindwurm (shapeshifter) (Depths:5)
  2 phantasmal warriors (Crypt:3)
  9 deep elf magi
  5 wolf spiders
  An orb spider (Spider:4)
  5 orc knights
  2 harpies (Shoals:4)
  A necromancer (Depths:3)
  2 fauns
  2 orc sorcerers
  2 moths of wrath
  9 ugly things
  4 cyclopes
  3 manticores
  A centaur zombie (D:15)
  An elephant (Lair:5)
  A frost giant skeleton (Crypt:3)
  5 vault sentinels
  3 black mambas
  3 water nymphs (Shoals:4)
  8 spiny frogs
  A spectral swamp worm (Depths:2)
  A gargoyle (D:13)
  A rime drake (Lair:2)
  An ice devil (D:11)
  10 yaktaurs
  2 freezing wraiths
  2 red devils (Crypt:3)
  2 komodo dragons
  5 demonic crawlers
  9 jumping spiders
  5 trolls
  3 hornets
  11 merfolk
  2 dream sheep (Shoals:1)
  12 slime creatures
  3 hippogriffs
  3 blink frogs (Lair:2)
  2 snapping turtles
  7 water elementals
  12 redbacks
  2 tarantellas (Spider:1)
  A spriggan (Depths:3)
  2 wyverns
  5 wraiths
  Eustachio (D:6)
  A fire elemental (D:14)
  A redback (shapeshifter) (Vaults:3)
  A human (shapeshifter) (D:15)
  10 yaks
  A basilisk (Lair:5)
  2 vampire mosquitoes (D:14)
  2 hungry ghosts
  Menkaure (D:7)
  5 wargs
  2 soldier ants
  An acid dragon (Vaults:2)
  6 water moccasins
  3 porcupines
  A floating eye (shapeshifter) (D:15)
  2 hell hounds
  An ettin simulacrum (Vaults:3)
  A black bear (shapeshifter) (Vaults:2)
  11 orc warriors
  A sky beast (D:15)
  6 ogres
  6 wolves
  5 centaurs
  6 crocodiles
  A big kobold (D:5)
  4 bullfrogs
  6 killer bees
  2 wights (D:14)
  2 electric eels
  3 crimson imps
  A jelly (D:8)
  6 orc priests
  5 hounds
  2 orc wizards (D:10)
  A centaur skeleton (D:8)
  3 hell rats (Lair:3)
  2 worker ants
  A killer bee zombie (D:7)
  A hound zombie (D:7)
  A mummy (Crypt:3)
  2 gnolls (D:5)
  An ooze (D:6)
  A leopard gecko (D:10)
  13 orcs
  5 goblins (D:5)
  7 hobgoblins (D:5)
  A kobold zombie (Crypt:2)
  2 crawling corpses
  2 fungi
  4 plants
  A tentacle (Shoals:4)
  A withered plant (Crypt:3)
515 creatures vanquished.

Vanquished Creatures (others)
  A deep elf master archer (Elf:3)
  A tengu reaver (Depths:5)
  A ghost moth (Zot:4)
  2 stone giants
  3 yaktaur captains
  A centaur warrior (Vaults:3)
  5 deep elf archers
  A deep elf mage (Elf:3)
  2 manticores
  2 cyclopes
  10 yaktaurs
  A wind drake (shapeshifter) (Depths:5)
  2 merfolk (Shoals:4)
  A centaur (Shoals:4)
  81 hexers
  4 ancestors
  A quokka (D:12)
  A goblin (D:5)
  17 fungi
  11 plants
  13 tentacles (Shoals:4)
161 creatures vanquished.

Grand Total: 2822 creatures vanquished

Notes
Turn   | Place    | Note
-------+----------+-------------------------------------------
     0 | D:1      | 4FPSwarrior the Naga Venom Mage began the quest for the
                  | Orb.
     0 | D:1      | Reached XP level 1. HP: 15/15 MP: 3/3
   479 | D:1      | Reached XP level 2. HP: 13/24 MP: 1/5
  1222 | D:1      | Reached XP level 3. HP: 30/30 MP: 0/6
  1330 | D:1      | Reached skill level 1 in Fighting
  1835 | D:2      | Learned a level 3 spell: Mephitic Cloud
  2295 | D:2      | Reached skill level 5 in Poison Magic
  2295 | D:2      | Reached XP level 4. HP: 38/38 MP: 2/7
  3456 | D:3      | Reached XP level 5. HP: 45/45 MP: 5/8
  3614 | D:3      | Found a runed translucent door.
  3615 | D:3      | Noticed Crazy Yiuf
  3838 | D:4      | Reached skill level 1 in Air Magic
  4329 | D:4      | Reached XP level 6. HP: 52/52 MP: 5/10
  4519 | D:5      | Entered Level 5 of the Dungeon
  4667 | D:5      | Found a bloodstained altar of Trog.
  4681 | D:5      | Reached XP level 7. HP: 48/61 MP: 2/11
  4835 | D:5      | Found a glowing drain.
  4863 | Sewer    | Entered a sewer
  5691 | D:5      | Noticed a +0 dagger
  5692 | D:5      | Found a hide-covered altar of Uskayaw.
  5692 | D:5      | Noticed a +0 dagger
  5818 | D:5      | Reached XP level 8. HP: 69/69 MP: 7/13
  5933 | D:5      | Noticed Grinder
  5957 | D:5      | Paralysed by Grinder for 2 turns
  5965 | D:5      | Killed Grinder
  6261 | D:5      | Noticed Blork the orc
  6269 | D:5      | Killed Blork the orc
  6354 | D:5      | Found a hazy altar of Hepliaklqana.
  6377 | D:5      | Became a worshipper of Hepliaklqana the Forgotten
  7137 | D:5      | Noticed Duvessa
  7140 | D:5      | Noticed Dowan
  7155 | D:5      | Killed Dowan
  7166 | D:5      | Killed Duvessa
  7600 | D:6      | Found an ancient bone altar of Kikubaaqudgha.
  7715 | D:6      | Found a staircase to the Ecumenical Temple.
  7734 | Temple   | Entered the Ecumenical Temple
  7993 | D:6      | Reached XP level 9. HP: 71/71 MP: 15/15
  8283 | D:6      | Noticed Eustachio
  8305 | D:6      | Killed Eustachio
  8574 | D:6      | Reached skill level 10 in Poison Magic
  8741 | D:6      | Reached * piety under Hepliaklqana
  8962 | D:7      | Noticed Saltbearer's ghost (novice HaNe)
  9039 | D:7      | Reached skill level 5 in Conjurations
  9317 | D:7      | Found a runed translucent gate.
  9317 | D:7      | Found a runed translucent gate.
  9317 | D:7      | Found a runed translucent gate.
  9411 | D:7      | Learned a level 4 spell: Olgreb's Toxic Radiance
  9416 | D:7      | Learned a level 4 spell: Summon Lightning Spire
  9425 | D:7      | Reached skill level 5 in Spellcasting
  9564 | D:7      | Noticed Menkaure
  9859 | D:8      | Reached skill level 5 in Fighting
  9867 | D:8      | Noticed Gastronok
 10112 | D:8      | Reached skill level 1 in Summonings
 10240 | D:8      | Noticed Psyche
 10252 | D:8      | Killed Psyche
 10252 | D:8      | Reached skill level 5 in Air Magic
 10281 | D:8      | Reached XP level 10. HP: 61/79 MP: 4/18
 10816 | D:8      | Found a hazy altar of Hepliaklqana.
 10848 | D:8      | Noticed a two-headed ogre
 10861 | D:8      | Killed a two-headed ogre
 10861 | D:8      | Reached skill level 1 in Shields
 10861 | D:8      | Reached skill level 1 in Invocations
 11255 | D:8      | Killed Gastronok
 11789 | D:9      | Reached XP level 11. HP: 85/87 MP: 18/20
 12217 | D:9      | Learned a level 5 spell: Venom Bolt
 12222 | D:9      | Reached ** piety under Hepliaklqana
 12223 | D:9      | Remembered your ancestor Servia as a hexer
 12608 | D:9      | Found a snail-covered altar of Cheibriados.
 12708 | D:9      | Found a shattered altar of Ashenzari.
 12735 | D:9      | Found a basalt altar of Yredelemnul.
 12866 | D:9      | Found a shimmering altar of Xom.
 12934 | D:9      | Found a stormy altar of Qazlal.
 13093 | D:10     | Entered Level 10 of the Dungeon
 13616 | D:10     | Found a runed translucent gate.
 13616 | D:10     | Found a runed translucent gate.
 13617 | D:10     | Found a runed translucent gate.
 13618 | D:10     | Noticed Saltbearer's ghost (journeyman OpWn)
 13618 | D:10     | Noticed barcode's ghost (journeyman TeFi)
 13756 | D:10     | Found a staircase to the Orcish Mines.
 14325 | D:11     | Noticed a white ugly thing
 14333 | D:11     | Killed a white ugly thing
 14718 | D:11     | Noticed a cyan ugly thing
 14737 | D:11     | Killed a cyan ugly thing
 15268 | D:11     | Noticed Fannar
 15271 | D:11     | Noticed a moth of wrath
 15272 | D:11     | Noticed a two-headed ogre
 15275 | D:11     | Noticed a deep troll
 15275 | D:11     | Noticed chispire's ghost (novice MiBe)
 15277 | D:11     | Noticed a two-headed ogre
 15282 | D:11     | Killed Fannar
 15282 | D:11     | Reached XP level 12. HP: 94/98 MP: 8/22
 15305 | D:11     | Reached skill level 5 in Summonings
 15335 | D:11     | Found a bloodstained altar of Trog.
 15335 | D:11     | Found a transporter.
 15460 | D:11     | Found a staircase to the Lair.
 15479 | D:11     | Found a transporter.
 15985 | Lair:1   | Entered Level 1 of the Lair of Beasts
 16011 | Lair:1   | Identified the +6 mace "Ceot" {holy, -Tele rF- MR+++ Str+3}
                  | (You found it on level 1 of the Lair of Beasts)
 16061 | Lair:1   | Reached *** piety under Hepliaklqana
 16293 | Lair:1   | Reached skill level 5 in Invocations
 17357 | Lair:2   | Learned a level 4 spell: Petrify
 17934 | Lair:2   | Found a staircase to the Shoals.
 17960 | Lair:2   | Reached skill level 1 in Short Blades
 18396 | Lair:3   | Reached skill level 4 in Stealth
 18577 | Lair:3   | Reached skill level 1 in Earth Magic
 18579 | Lair:3   | Reached skill level 1 in Transmutations
 18589 | Lair:3   | Gained mutation: You can use your snake-like lower body to
                  | constrict enemies. [Naga growth]
 18589 | Lair:3   | Reached XP level 13. HP: 66/104 MP: 10/24
 18991 | Lair:3   | Reached **** piety under Hepliaklqana
 19195 | Lair:3   | Reached skill level 5 in Stealth
 19265 | Lair:3   | Identified Tiuzanao's Catalogue of Transmigration
 19272 | Lair:3   | Got a dazzling dagger
 19981 | Lair:4   | Noticed Josephine
 19989 | Lair:4   | Killed Josephine
 20005 | Lair:4   | Reached skill level 6 in Stealth
 20187 | Lair:4   | Identified the +5 dagger of Nupecom {vamp, rPois MR++
                  | Stlth+} (You found it on level 3 of the Lair of Beasts)
 20382 | Lair:4   | Found a hole to the Spider Nest.
 20762 | Lair:5   | Found a staircase to the Slime Pits.
 20762 | Lair:5   | Found a viscous altar of Jiyva.
 20786 | Lair:5   | Noticed an entropy weaver
 20789 | Lair:5   | Noticed an entropy weaver
 20794 | Lair:5   | Killed an entropy weaver
 20795 | Lair:5   | Killed an entropy weaver
 20802 | Lair:5   | Reached skill level 7 in Stealth
 20951 | Lair:5   | Reached XP level 14. HP: 113/113 MP: 26/26
 21338 | Lair:6   | Entered Level 6 of the Lair of Beasts
 22346 | Lair:6   | Reached ***** piety under Hepliaklqana
 22619 | Orc:1    | Entered Level 1 of the Orcish Mines
 22789 | Orc:1    | Noticed an orc warlord
 22829 | Orc:1    | Found Jausedob's Distillery.
 22882 | Orc:1    | Bought a potion of heal wounds for 85 gold pieces
 22882 | Orc:1    | Bought a potion of resistance for 170 gold pieces
 22882 | Orc:1    | Bought 2 potions of haste for 340 gold pieces
 22882 | Orc:1    | Bought a potion of heal wounds for 85 gold pieces
 22882 | Orc:1    | Bought a potion of lignification for 51 gold pieces
 22898 | Orc:1    | Noticed Erolcha
 22903 | Orc:1    | Killed Erolcha
 22977 | Orc:1    | Reached skill level 15 in Poison Magic
 23057 | Orc:1    | Noticed a stone giant
 23082 | Orc:1    | Killed a stone giant
 23410 | Orc:1    | Reached skill level 8 in Stealth
 23541 | Orc:1    | Found Kubeer's Antique Weapon Boutique.
 24105 | Orc:1    | Killed an orc warlord
 24196 | Orc:1    | Found Kubeer's Antique Weapon Boutique.
 24358 | Orc:1    | Found Jausedob's Distillery.
 24533 | Orc:2    | Entered Level 2 of the Orcish Mines
 25589 | Orc:2    | Found a roughly hewn altar of Beogh.
 25607 | Orc:2    | Found Lugaex's General Store.
 25607 | Orc:2    | Found Archueck's Antique Weapon Shop.
 25622 | Orc:2    | Bought a potion of resistance for 130 gold pieces
 25622 | Orc:2    | Bought a scroll of blinking for 97 gold pieces
 25705 | Orc:2    | Found Kaotil's Magic Scroll Shoppe.
 25732 | Orc:2    | Bought a scroll of magic mapping for 42 gold pieces
 25732 | Orc:2    | Bought a scroll of identify for 24 gold pieces
 25732 | Orc:2    | Bought a scroll of identify for 24 gold pieces
 25732 | Orc:2    | Bought a scroll of enchant armour for 90 gold pieces
 25738 | Orc:2    | Reached XP level 15. HP: 73/121 MP: 27/27
 25901 | Orc:2    | Found Daufo's Jewellery Shop.
 25925 | Orc:2    | Bought the ring "Suuw Ergh" {rF+ Int+4 Stlth+} for 478 gold
                  | pieces
 25941 | Orc:2    | Found a staircase to the Elven Halls.
 26081 | Orc:2    | Bought a scroll of identify for 24 gold pieces
 26081 | Orc:2    | Bought a scroll of enchant armour for 90 gold pieces
 26081 | Orc:2    | Bought a scroll of identify for 24 gold pieces
 26115 | Orc:2    | Bought a potion of curing for 39 gold pieces
 26939 | D:12     | Reached skill level 5 in Short Blades
 27190 | D:7      | Killed Menkaure
 28101 | D:12     | Found a white marble altar of Elyvilon.
 28233 | D:12     | Reached skill level 5 in Transmutations
 28992 | D:13     | Reached skill level 9 in Stealth
 29420 | D:13     | Found a gate to the Vaults.
 29441 | D:13     | Reached XP level 16. HP: 71/129 MP: 29/29
 29445 | D:13     | Reached skill level 5 in Earth Magic
 30301 | D:14     | Found the +3 robe of Folly {Archmagi, MR-- Int+5}
 30301 | D:14     | Noticed Agnes
 30314 | D:14     | Killed Agnes
 30542 | Spider:1 | Entered Level 1 of the Spider Nest
 32051 | Spider:2 | Reached skill level 10 in Stealth
 32291 | Spider:2 | Reached skill level 1 in Evocations
 32302 | Spider:2 | Reached skill level 1 in Armour
 33542 | Spider:4 | Entered Level 4 of the Spider Nest
 33563 | Spider:4 | Reached XP level 17. HP: 127/136 MP: 24/30
 33583 | Spider:4 | Reached ****** piety under Hepliaklqana
 33653 | Spider:4 | Reached skill level 10 in Fighting
 34086 | Spider:4 | Noticed Asterion
 34128 | Spider:4 | Killed Asterion
 34715 | Spider:4 | Got a gossamer rune of Zot
 35145 | D:14     | Reached skill level 10 in Spellcasting
 35485 | D:14     | Noticed Azrael
 35502 | D:14     | Killed Azrael
 35722 | D:14     | Found an ornate altar of the Wu Jian Council.
 35766 | D:15     | Entered Level 15 of the Dungeon
 36558 | D:15     | Paralysed by a floating eye for 4 turns
 36628 | D:15     | Found a glowing golden altar of the Shining One.
 37013 | D:15     | Found a staircase to the Depths.
 37532 | Shoals:1 | Entered Level 1 of the Shoals
 37544 | Shoals:1 | Identified a scroll of acquirement
 37545 | Shoals:1 | Identified the +2 robe of the Tundras {-Tele +Fly rC-
                  | Dex+9} (You found it on level 1 of the Shoals)
 37812 | Shoals:1 | Reached XP level 18. HP: 146/146 MP: 32/32
 37929 | Shoals:1 | Identified Roxanne's Disquisition on Stones
 37929 | Shoals:1 | Noticed Roxanne
 38506 | Shoals:2 | Found Riopn's Magic Scroll Shoppe.
 38506 | Shoals:2 | Noticed Ilsuiw
 38620 | Shoals:2 | Reached skill level 10 in Invocations
 38627 | Shoals:2 | Killed Ilsuiw
 38762 | Shoals:2 | Bought a scroll of blinking for 142 gold pieces
 38762 | Shoals:2 | Bought 2 scrolls of teleportation for 114 gold pieces
 38770 | Shoals:2 | Noticed Aizul
 38789 | Shoals:2 | Killed Aizul
 38993 | Shoals:2 | Reached skill level 10 in Shields
 39588 | Shoals:2 | Learned a level 2 spell: Passwall
 40612 | Shoals:3 | Reached skill level 5 in Evocations
 40868 | Shoals:4 | Entered Level 4 of the Shoals
 41881 | Shoals:4 | Reached skill level 5 in Dodging
 42478 | Shoals:4 | Identified the Collected Works on the Unstable Volcanoes
 42516 | Shoals:4 | Reached XP level 19. HP: 126/153 MP: 12/33
 43197 | Shoals:4 | Got a barnacled rune of Zot
 43427 | Shoals:2 | Bought 2 scrolls of summoning for 361 gold pieces
 43427 | Shoals:2 | Bought a scroll of teleportation for 57 gold pieces
 43427 | Shoals:2 | Bought a scroll of teleportation for 57 gold pieces
 43427 | Shoals:2 | Bought a scroll of teleportation for 57 gold pieces
 43470 | Shoals:1 | Killed Roxanne
 43491 | Shoals:1 | Learned a level 6 spell: Statue Form
 43637 | Vaults:1 | Entered Level 1 of the Vaults
 44296 | Vaults:1 | Reached skill level 5 in Armour
 44768 | Vaults:1 | Reached skill level 10 in Short Blades
 46207 | Vaults:2 | Reached skill level 11 in Stealth
 46302 | Vaults:2 | Reached XP level 20. HP: 149/162 MP: 27/34
 46717 | Vaults:2 | Found a staircase to the Crypt.
 48263 | Vaults:3 | Noticed Bai Suzhen
 48843 | Elf:1    | Entered Level 1 of the Elven Halls
 49892 | Elf:1    | Identified the Guide on Creative Confrontation
 49898 | Elf:1    | Learned a level 1 spell: Summon Butterflies
 49902 | Elf:1    | Learned a level 3 spell: Ignite Poison
 50132 | Elf:2    | Found Ramoj's Distillery.
 50140 | Elf:2    | Bought a potion of agility for 60 gold pieces
 50140 | Elf:2    | Bought 2 potions of haste for 300 gold pieces
 50140 | Elf:2    | Bought a potion of haste for 150 gold pieces
 50500 | Elf:2    | Reached skill level 12 in Stealth
 50671 | Elf:2    | Found a runed translucent gate.
 50671 | Elf:2    | Found a runed translucent gate.
 50672 | Elf:2    | Found a runed translucent gate.
 50847 | Elf:3    | Entered Level 3 of the Elven Halls
 51738 | Elf:3    | Reached XP level 21. HP: 171/171 MP: 25/35
 52048 | Elf:3    | Identified the ring "Ikosai" {Ice rElec}
 52059 | Elf:3    | Identified the ring "Zill" {rElec rF- rC+ rN+}
 52078 | Elf:3    | Identified the amulet "Igeane Haunk" {+Rage Str+3 SInv}
 53188 | Elf:3    | Identified the +0 helmet of Pleasant Breezes {*Contam rElec
                  | rPois rN++} (You found it on level 3 of the Elven Halls)
 53227 | Elf:3    | Identified the +1 quarterstaff "Hydrabane" {crush, Fragile
                  | rC+ rN+++ Str-4 Int+3}
 53623 | Depths:1 | Entered Level 1 of the Depths
 53623 | Depths:1 | Found a one-way gate to the infinite horrors of the Abyss.
 53734 | Depths:1 | Found a gateway to a ziggurat.
 53747 | Depths:1 | Learned a level 5 spell: Alistair's Intoxication
 53896 | Depths:1 | Found a gateway to Hell.
 54180 | Depths:1 | Found Lonk's Weapon Shop.
 54459 | Depths:1 | Reached skill level 13 in Stealth
 55193 | Depths:1 | Identified the +2 cloak of the King {rF+ rN+ Int+4 Stlth-}
                  | (You found it on level 1 of the Depths)
 55797 | Depths:2 | Reached skill level 10 in Transmutations
 55797 | Depths:2 | Reached XP level 22. HP: 180/180 MP: 37/37
 57644 | Depths:3 | Found a one-way gate leading to the halls of Pandemonium.
 57755 | Depths:3 | Noticed a golden dragon
 57759 | Depths:3 | Reached skill level 10 in Earth Magic
 57769 | Depths:3 | Killed a golden dragon
 58171 | Depths:3 | Identified the +2 cloak of Elyvilon's Favour {*Slow MR+
                  | Regen+} (You found it on level 3 of the Depths)
 58232 | Depths:3 | Noticed a golden dragon
 58243 | Depths:3 | Killed a golden dragon
 58289 | Depths:3 | Identified the cursed +1 ring mail "Ijolluf" {rCorr Dex+5}
                  | (You found it on level 3 of the Depths)
 58298 | Depths:3 | Identified the cursed +2 falchion of Lereocym {antimagic,
                  | rElec rC+ MR+ Int+2} (You found it on level 3 of the
                  | Depths)
 58304 | Depths:3 | Noticed a golden dragon
 58540 | Depths:3 | Killed a golden dragon
 58913 | Depths:3 | Found a runed translucent gate.
 58914 | Depths:3 | Found a runed translucent gate.
 58914 | Depths:3 | Found a runed translucent gate.
 59279 | D:7      | Killed Saltbearer's ghost
 59424 | D:11     | Killed chispire's ghost
 59531 | D:10     | Killed Saltbearer's ghost
 59539 | D:10     | Killed barcode's ghost
 60111 | Depths:4 | Reached XP level 23. HP: 189/189 MP: 34/38
 60191 | Depths:4 | Noticed Jory
 60211 | Depths:4 | Killed Jory
 60749 | Depths:3 | Found a one-way gate leading to the halls of Pandemonium.
 60925 | Depths:3 | Found a runed translucent gate.
 60926 | Depths:3 | Found a runed translucent gate.
 60926 | Depths:3 | Found a runed translucent gate.
 61834 | Depths:4 | Learned a level 2 spell: Swiftness
 62238 | Depths:4 | Found a runed translucent gate.
 62277 | Depths:4 | Noticed a caustic shrike
 62303 | Depths:4 | Killed a caustic shrike
 62514 | Depths:4 | Noticed a golden dragon
 62525 | Depths:4 | Killed a golden dragon
 63173 | Depths:4 | Found an iron altar of Okawaru.
 63278 | Depths:4 | Noticed Kywuokin's ghost (veteran FoFi)
 63294 | Depths:4 | Found a corrupted altar of Lugonu.
 63387 | Depths:4 | Found a runed translucent gate.
 63387 | Depths:4 | Found a runed translucent gate.
 63486 | Depths:5 | Entered Level 5 of the Depths
 63931 | Vaults:3 | Killed Bai Suzhen
 64421 | Vaults:3 | Noticed Donald
 64454 | Vaults:3 | Killed Donald
 65066 | Vaults:4 | Reached XP level 24. HP: 179/198 MP: 1/39
 65707 | Vaults:4 | Noticed Sojobo
 65718 | Vaults:4 | Killed Sojobo
 66408 | Vaults:5 | Entered Level 5 of the Vaults
 66628 | Vaults:5 | Noticed Frederick
 66640 | Vaults:5 | Killed Frederick
 67176 | Vaults:5 | Reached skill level 10 in Dodging
 67391 | Vaults:5 | Noticed an ancient lich
 67424 | Vaults:5 | Killed an ancient lich
 67807 | Vaults:5 | Reached skill level 10 in Armour
 67877 | Vaults:5 | Identified the ring "Pinuek" {rElec rF+ rC+ Stlth+}
 67930 | Vaults:5 | Noticed an ancient lich
 67958 | Vaults:5 | Killed an ancient lich
 68075 | Vaults:5 | Reached XP level 25. HP: 195/207 MP: 40/40
 68150 | Vaults:5 | Identified the +3 quarterstaff of the Undead {pain, *Slow
                  | rN+++ Str-5 Stlth+} (You found it on level 5 of the Vaults)
 68338 | Vaults:5 | Identified the ring of Bineske {+Fly rC- rN+ Str+4 Int+2}
 69145 | Vaults:5 | Identified the +8 falchion of the Evening {slice, rPois}
 69346 | Vaults:5 | Identified the +4 scale mail "Modghagh" {Dex+4}
 69361 | Vaults:5 | Noticed an ancient lich
 70095 | Vaults:5 | Noticed Mara
 70399 | Vaults:5 | Reached skill level 15 in Fighting
 70446 | Vaults:5 | Noticed 4FPSwarrior's illusion
 70695 | Vaults:4 | Learned a level 5 spell: Lee's Rapid Deconstruction
 71000 | Vaults:5 | Noticed 4FPSwarrior's illusion
 71028 | Vaults:5 | Killed Mara
 71310 | Vaults:5 | Got a silver rune of Zot
 72039 | Depths:5 | Reached skill level 1 in Charms
 73228 | Depths:5 | Reached XP level 26. HP: 217/217 MP: 33/40
 73342 | Depths:5 | Reached skill level 14 in Stealth
 73356 | Depths:5 | Identified the +7 great mace of Qetaxe {crush, rC+}
 73752 | Depths:5 | Found a gate to the Realm of Zot.
 73767 | Depths:5 | Identified the +1 cloak of Freedom {rElec Str-5 Int+5}
 73960 | Zot:1    | Entered Level 1 of the Realm of Zot
 74718 | Shoals:2 | Bought a scroll of magic mapping for 66 gold pieces
 75190 | Crypt:1  | Entered Level 1 of the Crypt
 76237 | Crypt:2  | Identified the cursed +1 hand axe "Goblinslayer" {drain,
                  | +Fly Str+2 Int+3 Stlth-} (You found it on level 2 of the
                  | Crypt)
 76321 | Crypt:2  | Identified the +1 plate armour of Entitlement {rCorr
                  | Slay+4} (You found it on level 2 of the Crypt)
 76502 | Crypt:2  | Reached skill level 5 in Charms
 76607 | Crypt:2  | Reached skill level 15 in Shields
 76880 | Crypt:3  | Entered Level 3 of the Crypt
 76953 | Crypt:3  | Reached skill level 15 in Stealth
 77472 | Crypt:3  | Got a coiled iron amulet
 77473 | Crypt:3  | Identified the amulet "Ajaybasm" {Inacc rElec rC+} (You
                  | found it on level 3 of the Crypt)
 77858 | Crypt:3  | Found the +5 demon whip "Spellbinder" {antimagic, MR+}
 77859 | Crypt:3  | Noticed Xtahua
 77860 | Crypt:3  | Found a staircase to the Tomb.
 77900 | Crypt:3  | Killed Xtahua
 78404 | Crypt:3  | Found an ancient bone altar of Kikubaaqudgha.
 78406 | Crypt:3  | Noticed an ancient lich
 78431 | Crypt:3  | Killed an ancient lich
 78431 | Crypt:3  | Reached XP level 27. HP: 226/226 MP: 41/41
 78564 | Crypt:3  | Noticed an ancient lich
 78582 | Crypt:3  | Killed an ancient lich
 78604 | Crypt:3  | Learned a level 5 spell: Silence
 79033 | Crypt:3  | Reached skill level 1 in Hexes
 80135 | Zot:1    | You are sucked into a shaft and drop 1 floor!
 80586 | Zot:2    | Reached skill level 1 in Throwing
 80673 | Zot:2    | Reached skill level 16 in Stealth
 81007 | Zot:2    | Identified the ring of Abstinence {MR- rCorr Int+6} (You
                  | found it on level 2 of the Realm of Zot)
 81136 | Zot:2    | Reached skill level 5 in Hexes
 81191 | Zot:2    | Noticed an ancient lich
 81353 | Zot:2    | Noticed an orb of fire
 81371 | Zot:2    | Killed an ancient lich
 81394 | Zot:2    | Gained mutation: You occasionally shout uncontrollably at
                  | your foes. [an orb of fire]
 81408 | Zot:2    | Killed an orb of fire
 81503 | Zot:2    | Found a stormy altar of Qazlal.
 83817 | Zot:3    | Reached skill level 15 in Spellcasting
 84678 | Zot:3    | Identified the +8 rapier of Innocence {drain, MR+ Stlth+}
                  | (You found it on level 3 of the Realm of Zot)
 84837 | Zot:4    | Reached skill level 17 in Stealth
 85660 | Zot:4    | Noticed an orb of fire
 85663 | Zot:4    | Killed an orb of fire
 85816 | Zot:4    | Reached skill level 5 in Throwing
 86486 | Zot:5    | Entered Level 5 of the Realm of Zot
 87174 | Zot:5    | Reached skill level 18 in Stealth
 87640 | Zot:5    | Noticed an ancient lich
 87657 | Zot:5    | Killed an ancient lich
 87657 | Zot:5    | Reached skill level 10 in Hexes
 87763 | Zot:5    | Noticed an orb of fire
 87765 | Zot:5    | Gained mutation: You sometimes yell uncontrollably at your
                  | foes. [an orb of fire]
 87766 | Zot:5    | Gained mutation: Your spells are a little easier to cast,
                  | but a little less powerful. [an orb of fire]
 87767 | Zot:5    | Gained mutation: Your muscles are strong. (Str +2) [an orb
                  | of fire]
 87803 | Zot:5    | Gained mutation: Your magical capacity is low. (-10% MP)
                  | [mutagenic glow]
 87806 | Zot:5    | Killed an orb of fire
 87814 | Zot:5    | Noticed an orb of fire
 87825 | Zot:5    | Noticed an ancient lich
 87835 | Zot:5    | Noticed an ancient lich
 87836 | Zot:5    | Gained mutation: You are dopey. (Int -2) [the power of Zot]
 87836 | Zot:5    | Gained mutation: You do not regenerate when monsters are
                  | visible. [the power of Zot]
 89299 | Zot:5    | Killed an ancient lich
 89312 | Zot:5    | Killed an orb of fire
 89321 | Zot:5    | Lost mutation: Your magical capacity is low. (-10% MP)
                  | [potion of mutation]
 89321 | Zot:5    | Lost mutation: Your muscles are strong. (Str +2) [potion of
                  | mutation]
 89321 | Zot:5    | Lost mutation: You are dopey. (Int -2) [potion of mutation]
 89321 | Zot:5    | Lost mutation: You sometimes yell uncontrollably at your
                  | foes. [potion of mutation]
 89321 | Zot:5    | Gained mutation: Your flesh is heat resistant. (rF+)
                  | [potion of mutation]
 89321 | Zot:5    | Gained mutation: You can exhale a cloud of poison. [potion
                  | of mutation]
 89321 | Zot:5    | Gained mutation: You passively map a small area around you.
                  | [potion of mutation]
 89528 | Zot:5    | Lost mutation: Your spells are a little easier to cast, but
                  | a little less powerful. [potion of mutation]
 89528 | Zot:5    | Lost mutation: Your flesh is heat resistant. (rF+) [potion
                  | of mutation]
 89528 | Zot:5    | Gained mutation: You have a pair of small horns on your
                  | head. [potion of mutation]
 89528 | Zot:5    | Gained mutation: You are clumsy. (Dex -2) [potion of
                  | mutation]
 89528 | Zot:5    | Gained mutation: You are resistant to hostile enchantments.
                  | (MR+) [potion of mutation]
 89528 | Zot:5    | Gained mutation: You are partially covered in slimy green
                  | scales. (AC +2) [potion of mutation]
 89561 | Zot:5    | Noticed an ancient lich
 89600 | Zot:5    | Killed an ancient lich
 89682 | Zot:5    | Killed an ancient lich
 90010 | Zot:5    | Noticed an ancient lich
 90025 | Zot:5    | Reached skill level 10 in Evocations
 90064 | Zot:5    | Killed an ancient lich
 90695 | Zot:5    | Got the Orb of Zot
 90749 | Zot:4    | Reached skill level 15 in Invocations
 90789 | Zot:3    | Noticed a seraph
 91347 | D:8      | Noticed a seraph
 91539 | D:1      | Noticed Voota the pandemonium lord
 91562 | D:$      | Escaped with the Orb!

Levels and vault maps discovered:
D:1:      eino_arrival_druids_welcome, layout_rooms,
          hangedman_abyss_or_decor_lesser_grid, roderic_lattice_a,
          hangedman_decor_lopped, corner_web_ring,
          chequers_hall_statues_corner_a, due_unseen_surprise
D:2:      layout_basic
D:3:      layout_basic, uniq_crazy_yiuf_cottage
D:4:      layout_gridville, first_ration, nrook_uturn
D:5:      minmay_goblin_kobold_castle, layout_gridville, bloody_trog,
          dancing_weapons_uskayaw, lemuel_round_altar, portal_sewer_entry_a,
          uniq_grinder, uniq_duvessa, uniq_blork_the_orc
D:6:      layout_cave_pods, kiku_gazebo_garden_becter, temple_pool_b,
          nicolae_sextant, uniq_eustachio
D:7:      kennysheep_seaside_town, layout_basic, gammafunk_ghost_split,
          uniq_menkaure
D:8:      layout_loops_ring, basic_altar, uniq_psyche, uniq_gastronok
D:9:      layout_basic, grunt_temple_overflow_open, grunt_qazlal_clouds,
          basic_altar, david_nohive_1, kennysheep_generic_room_9
D:10:     layout_loops_ring, orc_0_dummy, gammafunk_ghost_cemetery,
          kennysheep_generic_room_13
D:11:     layout_loops_ring, erik_lair_island, portal_ice_cave_demonic_guard,
          gammafunk_ghost_wrathful_warriors, uniq_fannar
D:12:     layout_basic, hangedman_abyss_or_decor_clamps, elyvilon_altar_4
D:13:     layout_cave_pools, skrybe_vaults_entry_preservation, nrook_mini_vaults
D:14:     layout_big_octagon, lemuel_coloured_pillars_altar,
          kennysheep_decorative_pillar, uniq_agnes, uniq_azrael
D:15:     grunt_enter_depths_hoard, layout_cave_pools,
          nicolae_tso_swordbearing_angel
Temple:   minmay_temple_curvy_branch
Lair:1:   layout_hall_layers, serial_bayou_lagoon_a, grunt_megastairs_2,
          serial_bayou_shore_b
Lair:2:   beast_lair_carwin_large_1, layout_regular_city,
          elwin_shoals_entry_rocks, chequers_serial_rivers_large_a,
          lemuel_old_faithful
Lair:3:   layout_roguey [special_room_bee], chequers_serial_rivers_small_3,
          serial_bayou_pond_b, serial_bayou_pond_d, minmay_lindwurm_lava
Lair:4:   layout_misc_corridors, nicolae_spider_entry_tight_spaces,
          fungi_pond_lemuel, serial_bayou_pond_b, lemuel_fruit_fields,
          uniq_josephine
Lair:5:   layout_loops_ring, slime_altar_1, zaba_anthell
Lair:6:   guppyfry_lair_end_dragon, layout_misc_corridors
Shoals:1: layout_shoals, uniq_roxanne
Shoals:2: layout_shoals, serial_shops, shop_statue,
          nicolae_shoals_water_elemental_grotto, uniq_aizul, uniq_ilsuiw
Shoals:3: layout_shoals
Shoals:4: shoals_end_simple, layout_shoals, nicolae_shoals_kraken_intersection
Spider:1: layout_spider_delve
Spider:2: layout_spider_delve
Spider:3: layout_spider_delve
Spider:4: grunt_spider_rune_circles, drop_trap, uniq_asterion
Orc:1:    cheibrodos_orc_arena, layout_diamond_mine, serial_shops,
          nicolae_shop_crystal, shop, uniq_erolcha
Orc:2:    st_orc_town, layout_diamond_mine
Elf:1:    eino_elf_arrival_customs, layout_loops_corners, minmay_elf_sorcery,
          minmay_misc_feat_pillars, nooodl_food_tri
Elf:2:    layout_rooms, serial_shops, nicolae_shop_competitors_out_of_business
Elf:3:    elf_hall, layout_onion_city
Vaults:1: vaults_standard_mumra_x, v_alt_pattern_1, st_lines,
          hangedman_vaults_snaps, vaults_dpeg_spiral, v_misc_13,
          nicolae_vaults_alarming, vaults_mumra_minichess_inversion,
          hangedman_vaults_restitches, grunt_vaults_swirl, v_misc_8,
          nicolae_vaults_circle_grid_b, layout_vaults_omnibox
Vaults:2: nicolae_vaults_shelves_hall, minmay_crypt_entry_simple_walls,
          v_misc_27, hangedman_vaults_corner_blocks, ontoclasm_vaults_spin,
          layout_vaults_quadrants
Vaults:3: nicolae_vaults_network_barrier, ontoclasm_vaults_ring_square,
          nicolae_vaults_mini_display_case, v_misc_5,
          hangedman_vaults_river_flow, v_misc_10, v_misc_17,
          nicolae_vaults_holding_cells, nicolae_vaults_rhombus_6, serial_ice_m,
          layout_vaults_ring, uniq_donald, uniq_bai_suzhen
Vaults:4: hangedman_vaults_capsules, vaults_room_grunt_arrival_checkpoint,
          v_misc_9, v_misc_13, v_alt_pattern_6, ontoclasm_vaults_ring_small,
          vaults_mumra_hex, grunt_vaults_funnel,
          nicolae_vaults_little_squares_5, hangedman_vaults_impose,
          hangedman_vaults_corner_blocks, nicolae_vaults_little_squares_5,
          layout_vaults_maze, uniq_sojobo
Vaults:5: serial_shops, uniq_frederick, uniq_mara
Crypt:1:  layout_basic, grunt_megastairs_3
Crypt:2:  layout_chaotic_city
Crypt:3:  quadcrypt_mu, uniq_xtahua
Depths:1: layout_cave_pools, enter_ziggurat_c, serial_shops, shop,
          mu_enter_wizlab_3, kennysheep_big_empty_room, abyss_entry, hell_entry,
          minmay_the_grid_2x2 [minmay_the_grid_aliased_spiral,
          minmay_the_grid_small_cups, minmay_the_grid_odd_star,
          minmay_the_grid_prize_four_corners_diamond_a], serial_bayou_shore_b
Depths:2: grunt_bruiser_brothers, layout_gridlike,
          abyss_entry_small_statue_room, pf_hell_entry_tar_river, st_stairs_3,
          chequers_serial_rivers_micro_c, infiniplex_staircase_pool_2
Depths:3: grunt_arcs, layout_cave_shapes, kennysheep_minor_cross, hell_entry,
          pan_entry, serial_sigils_hangedman_snap, pandoras_box_mu,
          serial_bayou_shore_b, infiniplex_staircase_zigzag_2
Depths:4: kennysheep_room_grid, layout_gridlike, hell_entry,
          abyss_entry_flame_altar, serial_sigils_hangedman_gnaw,
          gammafunk_ghost_icy, okawaru_ov_weapons_minmay, uniq_jory
Depths:5: hangedman_pleasuredromes, pan_entry, hell_entry
Zot:1:    layout_misc_corridors, st_single_dragon_hoard_4
Zot:2:    regret_index_qazlal_generations, layout_basic
Zot:3:    gammafunk_mikee_crab_dinner, layout_onion_interference
Zot:4:    layout_onion_interference, hangedman_player_shredder
Zot:5:    layout_basic

Skill      XL: |  1  2  3  4  5  6  7  8  9 10 11 12 13 14 15 16 17 18 19 20 21 22 23 24 25 26 27 |
---------------+----------------------------------------------------------------------------------+-----
Fighting       | 1 2 3 4 5 6 7 8 9 10 11 12 13 14 15 17 | 17.4
Poison Magic   | 5 6 7 9 11 12 13 14 15 | 15.7
Conjurations   | 2 3 4 5 6 7 8 |  8.0
Air Magic      | 1 2 4 5 6 7 8 9 |  9.0
Spellcasting   | 3 4 5 6 7 8 9 10 11 12 13 14 15 | 15.8
Summonings     | 2 3 4 5 6 7 8 |  8.0
Shields        | 2 3 4 6 7 8 9 10 11 12 13 14 15 16 | 16.3
Invocations    | 2 4 5 6 7 8 9 10 11 12 15 | 15.0
Short Blades   | 1 3 4 5 6 7 9 10 11 12 | 12.7
Stealth        | 4 7 8 9 10 11 12 13 15 18 | 18.8
Earth Magic    | 1 3 4 5 6 7 8 9 10 11 12 13 | 13.4
Transmutations | 1 3 4 5 6 8 9 10 11 12 13 | 13.9
Dodging        | 2 4 5 6 7 8 9 10 11 13 | 13.3
Evocations     | 2 4 5 6 10 | 10.3
Armour         | 1 3 4 5 6 7 8 9 10 11 13 | 13.1
Charms         | 3 5 |  5.8
Hexes          | 11 | 11.4
Throwing       | 7 |  7.1

Action                   |  1- 3 |  4- 6 |  7- 9 | 10-12 | 13-15 | 16-18 | 19-21 | 22-24 | 25-27 || total
-------------------------+-------+-------+-------+-------+-------+-------+-------+-------+-------++-------
Melee: Unarmed           |     9 |       |       |       |       |       |       |       |     6 ||    15
       Short sword       |    12 |    20 |   353 |   579 |   115 |       |       |       |       ||  1079
       Dagger            |       |       |       |       |   452 |  1019 |  1470 |  1781 |  3832 ||  8554
       Constrict         |       |       |       |       |   111 |   166 |   170 |   167 |   262 ||   876
       Headbutt          |       |       |       |       |       |       |       |       |   118 ||   118
Throw: Stone             |       |     1 |    20 |    10 |     4 |       |       |       |       ||    35
       Javelin           |       |       |       |       |     4 |    10 |     9 |       |    22 ||    45
       Throwing net      |       |       |       |       |       |       |       |       |     2 ||     2
 Cast: Sting             |    69 |   110 |   223 |    98 |    68 |    30 |     1 |       |       ||   599
       Mephitic Cloud    |       |     1 |    22 |    37 |    24 |    28 |    53 |    65 |    38 ||   268
       Olgreb's Toxic Ra |       |       |     4 |    54 |    55 |   149 |    86 |    65 |    59 ||   472
       Venom Bolt        |       |       |       |    34 |    62 |    88 |    39 |     8 |    16 ||   247
       Summon Lightning  |       |       |       |    18 |    12 |    46 |    36 |    28 |    44 ||   184
       Petrify           |       |       |       |       |       |     1 |     1 |     1 |     2 ||     5
       Ignite Poison     |       |       |       |       |       |       |    15 |    22 |    16 ||    53
       Alistair's Intoxi |       |       |       |       |       |       |     1 |       |     1 ||     2
       Statue Form       |       |       |       |       |       |       |       |     1 |       ||     1
       Lee's Rapid Decon |       |       |       |       |       |       |       |       |    29 ||    29
       Passwall          |       |       |       |       |       |       |       |       |     1 ||     1
Invok: Recall Ancestor   |       |       |       |     1 |     1 |     1 |     2 |     2 |    11 ||    18
       Ancestor Life: He |       |       |       |     1 |       |       |       |       |       ||     1
       Idealise          |       |       |       |       |     2 |     6 |     2 |     5 |     8 ||    23
       Transference      |       |       |       |       |       |     1 |     1 |     2 |     7 ||    11
 Abil: Spit Poison       |    13 |     7 |    31 |    29 |     9 |    27 |     5 |     1 |     2 ||   124
       Evoke Flight      |       |       |       |       |     2 |       |     2 |     1 |     2 ||     7
       Stop Flying       |       |       |       |       |       |       |     2 |     2 |     1 ||     5
       End Transformatio |       |       |       |       |       |       |       |     1 |       ||     1
Evoke: Wand              |       |       |       |       |     9 |     7 |     9 |    14 |    59 ||    98
       Phial of floods   |       |       |       |       |       |       |       |     3 |     4 ||     7
       Phantom mirror    |       |       |       |       |       |       |       |     1 |       ||     1
       Lamp of fire      |       |       |       |       |       |       |       |       |     7 ||     7
       Sack of spiders   |       |       |       |       |       |       |       |       |     2 ||     2
  Use: Scroll            |       |     5 |     1 |    18 |    10 |    15 |    24 |    17 |    44 ||   134
       Potion            |       |       |     2 |       |     3 |     7 |     2 |     5 |    17 ||    36
 Stab: Sleeping          |       |     1 |     1 |     7 |    21 |    21 |    28 |    13 |    58 ||   150
       Confused          |       |       |     2 |    18 |    15 |    28 |    71 |   115 |   170 ||   419
       Distracted        |       |       |     1 |     5 |    10 |    22 |    19 |    36 |    77 ||   170
       Paralysed         |       |       |       |       |    13 |    38 |    30 |    33 |    66 ||   180
       Held in net/web   |       |       |       |       |       |     1 |       |       |     2 ||     3
       Petrified         |       |       |       |       |       |       |       |     1 |     1 ||     2
       Petrifying        |       |       |       |       |       |       |       |       |     3 ||     3
  Eat: Chunk             |     5 |     7 |    18 |    29 |    35 |    43 |    31 |    17 |     3 ||   188
       Ration            |       |       |       |     5 |     4 |     4 |     4 |     5 |    21 ||    43
Armor: Robe              |     9 |    14 |   188 |   154 |   115 |   461 |   205 |   279 |     3 ||  1428
       Storm dragon scal |       |       |       |       |       |       |       |    19 |       ||    19
       Quicksilver drago |       |       |       |       |       |       |       |       |   738 ||   738
Dodge: Dodged            |    35 |    18 |   289 |   210 |   176 |   203 |   167 |   250 |   509 ||  1857
Block: Buckler           |       |       |       |   135 |   101 |       |       |       |       ||   236
       Large shield      |       |       |       |       |    69 |  1015 |   915 |  1043 |  2817 ||  5859
       Reflection        |       |       |       |       |       |    77 |    83 |    69 |    51 ||   280
